 Dungeon Crawl Stone Soup version 0.28.0-53-g5a82cb258f (webtiles) character file.

Game seed: 9346998104096330539

45 H0rd4k the Charlatan (level 3, -3/26 HPs)
             Began as a Human Artificer on May 24, 2022.
             Slain by a gnoll
             ... wielding a +0 club
              (5 damage)
             ... on level 2 of the Dungeon.
             The game lasted 00:01:23 (2038 turns).

H0rd4k the Charlatan (Human Artificer)              Turns: 2038, Time: 00:01:23

Health: -3/26      AC:  3    Str: 12    XL:     3   Next: 90%
Magic:  3/3        EV: 11    Int: 13    God:
Gold:   34         SH:  0    Dex: 13    Spells: 2/2 levels left

rFire   . . .      SeeInvis .   a - +0 club
rCold   . . .      Faith    .   (no shield)
rNeg    . . .      Spirit   .   b - +0 leather armour
rPois   .          Reflect  .   (no helmet)
rElec   .          Harm     .   (no cloak)
rCorr   .          Rampage  .   (no gloves)
Will    .....                   (no boots)
Stlth   +.........              (no amulet)
HPRegen 0.08/turn               (no ring)
MPRegen 0.08/turn               (no ring)

@: no status effects
A: no striking features
a: no special abilities


You were on level 2 of the Dungeon.
You visited 1 branch of the dungeon, and saw 2 of its levels.

You collected 34 gold pieces.

Inventory:

Hand Weapons
 a - a +0 club (weapon)
Missiles
 k - 2 curare-tipped darts (quivered)
Armour
 b - a +0 leather armour (worn)
Wands
 c - a wand of flame (14)
 d - a wand of charming (12)
Scrolls
 f - a scroll of identify {unknown}
 h - 3 scrolls of vulnerability {unknown}
 j - a scroll of enchant weapon {unknown}
Potions
 g - a potion of might {unknown}
 i - 3 potions of curing {unknown}
Miscellaneous
 e - a piece from Xom's chessboard (15/15)


   Skills:
 + Level 1.0 Fighting
 + Level 0.6 Maces & Flails
 + Level 2.4 Armour
 + Level 1.8 Dodging
 + Level 1.2 Stealth
 + Level 3.6 Evocations


You had 2 spell levels left.
You didn't know any spells.
Your spell library contained the following spells:

 Spells                   Type           Power      Damage    Failure   Level
 Summon Small Mammal      Summ           0%         N/A       36%         1
 Call Canine Familiar     Summ           0%         N/A       75%         3
 Summon Guardian Golem    Hex/Summ       0%         N/A       75%         3


Dungeon Overview and Level Annotations

Branches:
Dungeon (2/15)

Altars:


Message History

The gnoll burns you.
There are monsters nearby!
Aiming: Charm
Press: ? - help, Shift-Dir - straight line, f - gnoll
Aim: a gnoll, wielding a +2 spear of flaming (chance to affect: 67%)
The gnoll struggles to resist.
Unknown command.
Aiming: Charm
Press: ? - help, Shift-Dir - straight line, f - gnoll
Aim: a gnoll, wielding a +0 spear (chance to affect: 67%)
The gnoll is charmed.
Something barely misses your gnoll. x2
Unknown command.
What are your orders? t - Shout!
Orders for allies: a - Attack new target. p - Attack previous target. r - Retreat! s - Stop attacking. g - Guard the area. f - Follow me.
Anything else - Cancel.
Guard this area!
Something hits your gnoll.
Your gnoll hits something with a +0 spear.
Something hits your gnoll! Something burns your gnoll.
Your gnoll dies!
You hear a shout!
The gnoll barely misses you.
The gnoll hits you from afar with a +2 spear of flaming!
The gnoll burns you.
You barely miss the gnoll.
The gnoll is heavily wounded.
The gnoll barely misses you. x2; The gnoll hits you with a +0 club.
* * * LOW HITPOINT WARNING * * *
The gnoll hits you from afar with a +2 spear of flaming.
* * * LOW HITPOINT WARNING * * *
The gnoll burns you.
* * * LOW HITPOINT WARNING * * *
Okay, then.
Aiming: Charm
Press: ? - help, Shift-Dir - straight line, f - gnoll
Aim: a gnoll, wielding a +0 club (heavily wounded, chance to affect: 67%)
The gnoll struggles to resist.
The gnoll hits you with a +0 club.
You die...

#....##.#..#..#.##
#..........#..#.##
###..####.#.........
#..>............####
#.######........# #
#.# #.......## # #.#
#....[..#
#.######......##
#..@g.##......#
#####g##......#
#.######### #g.....#
#.####.# #.).#
#.#..g. #.####.# #.#
#


You could see 2 gnolls.

Vanquished Creatures
  An adder (D:2)
  2 dart slugs
  2 ball pythons
  4 bats
  An endoplasm (D:1)
  2 giant cockroaches (D:2)
  5 goblins
  2 hobgoblins (D:1)
  3 jackals (D:1)
  2 kobolds
  4 frilled lizards
  A rat (D:1)
29 creatures vanquished.

Vanquished Creatures (others)
  A gnoll (D:2)
1 creature vanquished.

Grand Total: 30 creatures vanquished

Notes
Turn   | Place    | Note
-------+----------+-------------------------------------------
     0 | D:1      | H0rd4k the Human Artificer began the quest for the Orb.
     0 | D:1      | Reached XP level 1. HP: 15/15 MP: 1/1
   375 | D:1      | Reached XP level 2. HP: 18/21 MP: 2/2
  1297 | D:1      | Reached XP level 3. HP: 19/26 MP: 3/3
  2033 | D:2      | HP: 1/26 [gnoll/+2 spear of flaming (1)]
  2038 | D:2      | Slain by a gnoll

Illustrated notes

Levels and vault maps discovered:
D:1:      grunt_arrival_crossed_arrows, layout_loops_corners
D:2:      layout_loops_cross, shapermc_ecumenical_altar_mp_ritualfount

Action                   || total
-------------------------++-------
Melee: Club              ||   124
       Punch             ||     1
Throw: Dart              ||     2
Evoke: Wand              ||     4
 Stab: Sleeping          ||     5
Armor: Leather armour    ||    66
Dodge: Dodged            ||    91
